 Dungeon Crawl Stone Soup version 0.21.1-1-g345015f (webtiles) character file.

570 goulibeur the Unweaver (level 7, -3/54 HPs)
             Began as a Demonspawn Abyssal Knight on July 9, 2018.
             Was a Follower of Lugonu.
             Killed by divine providence
             ... invoked by an orc priest
              (13 damage)
             ... on level 4 of the Dungeon.
             The game lasted 00:09:08 (3942 turns).

goulibeur the Unweaver (Demonspawn Abyssal Knight)  Turns: 3942, Time: 00:09:09

Health: -3/54      AC: 12    Str: 13    XL:     7   Next: 11%
Magic:  0/11       EV: 10    Int: 13    God:    Lugonu [*.....]
Gold:   156        SH:  8    Dex: 14    Spells: 6/6 levels left

rFire    . . .     SeeInvis .   w - +2 trident (venom)
rCold    . . .     Gourm    .   i - +0 shield
rNeg     + . .     Faith    .   x - +1 leather armour {rN+}
rPois    .         Spirit   +   y - +0 helmet
rElec    .         Reflect  .   m - +0 cloak
rCorr    .         Harm     .   (no gloves)
MR       .....                  (no boots)
Stlth    +.........             u - amulet of guardian spirit
HPRegen  0.18/turn              (no ring)
MPRegen  0.12/turn              (no ring)

@: sanguine armour
A: demonic guardian 1, magic shield, sanguine armour 1
a: Depart the Abyss, Renounce Religion


You were on level 4 of the Dungeon.
You worshipped Lugonu.
Lugonu was aware of your devotion.
You were hungry.

You visited 1 branch of the dungeon, and saw 4 of its levels.
You visited the Abyss 1 time.

You collected 156 gold pieces.

Inventory:

Hand Weapons
 a - a +1 short sword
 w - a +2 trident of venom (weapon)
Armour
 b - a +0 leather armour
 e - a +0 ring mail
 i - a +0 shield (worn)
 m - a +0 cloak (worn)
 x - a +1 leather armour of positive energy (worn)
 y - a +0 helmet (worn)
Jewellery
 u - an amulet of guardian spirit (around neck)
 C - an uncursed amulet of harm {unknown}
Scrolls
 d - a scroll of enchant armour {unknown}
 h - 3 scrolls of remove curse {unknown}
 l - a scroll of noise {unknown}
 o - 6 scrolls of teleportation {unknown}
 q - a scroll of enchant weapon {unknown}
 s - 2 scrolls of identify {unknown}
 t - 2 scrolls of amnesia {unknown}
 v - a scroll of fear {unknown}
 B - a scroll of blinking {unknown}
Potions
 f - a potion of might {unknown}
 g - a potion of magic {unknown}
 j - 2 potions of curing {unknown}
 k - a potion of brilliance {unknown}
 n - 2 potions of invisibility {unknown}
 p - 2 potions of cancellation {unknown}
 r - a potion of heal wounds {unknown}
 z - a potion of flight {unknown}
Comestibles
 c - 6 rations
 A - 6 chunks of flesh


   Skills:
 + Level 4.3 Fighting
 - Level 1.7 Short Blades
 + Level 3.2 Armour
 + Level 2.8 Dodging
 + Level 2.4 Shields
 * Level 6.3 Invocations


You had 6 spell levels left.
You didn't know any spells.

Dungeon Overview and Level Annotations

Branches:
Dungeon (4/15)
 Temple: D:4-7

Altars:

Annotations:
D:2 1 runed door
D:4 Pikel


Innate Abilities, Weirdness & Mutations

A weak demonic guardian rushes to your aid.
When hurt, damage is shared between your health and your magic reserves.
When seriously injured, your bleeding wounds create armour. (AC +6)


Message History

Your iron imp barely misses the orc priest.
The orc priest hits your iron imp with a short sword.
The orc priest hits your iron imp but does no damage.
Your iron imp hits the orc priest.
The orc priest hits your iron imp with a short sword.
Your iron imp closely misses the orc priest.
The orc priest hits your iron imp but does no damage.
Your iron imp hits the orc priest.
The orc priest calls down the wrath of Beogh upon you.
Beogh smites you!
* * * LOW HITPOINT WARNING * * *
You swap places.
Your iron imp misses the orc priest.
The orc priest invokes the aid of Beogh against you.
Beogh smites you!
* * * LOW HITPOINT WARNING * * *
The orc priest hits your iron imp with a short sword.
Your iron imp barely misses the orc priest.
The orc priest mumbles some strange prayers to Beogh against you.
Beogh smites you!
You die...

#O##..o S.. #
#o###### . # #5# #
#5# #.#####
#5######### #......
#.##......#########
#.##.###........)..
#.##.###..#.##.####
#.@.......#.##.#
####.##.....##.#
#.###..####.#
#......####.#
#####.......#
#########


You could see an orc priest, 2 friendly iron imps and a friendly shadow imp.

Vanquished Creatures
  Grinder (D:3)
  A slave (D:4)
  An ogre (D:3)
  A centaur (D:3)
  An orc priest (D:4)
  Terence (D:3)
  9 adders
  2 oozes
  2 adder skeletons (D:4)
  An adder zombie (D:3)
  A worm (D:3)
  2 dart slugs (D:2)
  2 leopard geckos (D:4)
  9 orcs
  3 giant cockroaches
  5 hobgoblins
  A quokka (D:4)
  A ball python (D:3)
  4 bats
  A frilled lizard (D:3)
  2 goblins
  6 kobolds
  10 rats
67 creatures vanquished.

Notes
Turn   | Place    | Note
-------+----------+-------------------------------------------
     0 | Abyss:1  | goulibeur the Demonspawn Abyssal Knight began the quest for the Orb.
     0 | Abyss:1  | Reached XP level 1. HP: 18/18 MP: 2/2
    32 | Abyss:1  | Noticed a sun demon
    33 | D:1      | Escaped the Abyss
   138 | D:1      | Reached skill level 1 in Dodging
   358 | D:1      | Gained mutation: When seriously injured, your bleeding wounds create armour. (AC +6) [demonic ancestry]
   358 | D:1      | Reached XP level 2. HP: 24/24 MP: 4/4
   440 | D:1      | Reached * piety under Lugonu
   440 | D:1      | Reached skill level 3 in Invocations
   937 | D:2      | Reached XP level 3. HP: 13/29 MP: 5/5
  1584 | D:2      | Reached skill level 1 in Shields
  1794 | D:2      | Found a runed door.
  2038 | D:3      | Reached XP level 4. HP: 35/35 MP: 6/6
  2061 | D:3      | Reached skill level 4 in Invocations
  2122 | D:3      | Noticed Terence
  2127 | D:3      | Killed Terence
  2550 | D:3      | Noticed a centaur
  2558 | D:3      | Killed a centaur
  2558 | D:3      | Reached XP level 5. HP: 25/42 MP: 5/8
  2997 | D:3      | Noticed an ogre
  3026 | D:3      | Noticed Grinder
  3026 | D:3      | Killed an ogre
  3026 | D:3      | Reached skill level 5 in Invocations
  3026 | D:3      | Gained mutation: When hurt, damage is shared between your health and your magic reserves. [demonic ancestry]
  3026 | D:3      | Reached XP level 6. HP: 30/48 MP: 5/10
  3050 | D:3      | Paralysed by Grinder for 7 turns
  3074 | D:3      | Paralysed by Grinder for 6 turns
  3075 | D:3      | Killed Grinder
  3075 | D:3      | Reached skill level 6 in Invocations
  3440 | D:4      | Gained mutation: A weak demonic guardian rushes to your aid. [demonic ancestry]
  3440 | D:4      | Reached XP level 7. HP: 53/54 MP: 11/11
  3825 | D:4      | Noticed Pikel
  3942 | D:4      | Killed from afar by an orc priest

Skill      XL: |  1  2  3  4  5  6 |
---------------+-------------------+-----
Dodging        | 1 2 |  2.8
Invocations    | 3 4 5 6 |  6.3
Armour         | 2 3 |  3.2
Shields        | 1 2 |  2.4
Fighting       | 4 |  4.3
Short Blades   | |  1.7

Action                   |  1- 3 |  4- 6 |  7- 9 || total
-------------------------+-------+-------+-------++-------
Melee: Short sword       |   101 |       |       ||   101
       Trident           |    16 |   100 |    44 ||   160
Invok: Depart the Abyss  |     1 |       |       ||     1
  Eat: Chunk             |     4 |     2 |       ||     6
       Ration            |       |     1 |       ||     1
Armor: Ring mail         |    43 |     4 |       ||    47
       Leather armour    |       |    26 |    14 ||    40
Dodge: Dodged            |    48 |    41 |    15 ||   104
Block: Shield            |    38 |    25 |    18 ||    81
